 Dungeon Crawl Stone Soup version 0.31-a0-115-g4708a659fe (webtiles) character file.

Game seed: 16130496578651831751

569 Jeffwins the Sneak (level 7, 0/32 HPs)
             Began as a Vine Stalker Wanderer on May 29, 2023.
             Slain by a gnoll
             ... wielding a +0 spear
              (2 damage)
             ... on level 2 of the Dungeon.
             The game lasted 00:06:18 (2380 turns).

Jeffwins the Sneak (Vine Stalker Wanderer)          Turns: 2380, Time: 00:06:19

Health: 0/32       AC:  6    Str: 13    XL:     7   Next: 33%
Magic:  0/11       EV: 10    Int: 12    God:
Gold:   102        SH:  0    Dex: 15    Spells: 2/10 levels left

rFire   . . .        a - +2 sling
rCold   . . .        (no shield)
rNeg    . . .        e - +0 leather armour
rPois   .            c - +0 helmet
rElec   .            p - +0 cloak
rCorr   .            (no gloves)
SInv    .            o - +0 pair of boots
Will    .....        (no amulet)
Stlth   ++++         (no ring)
HPRegen 1.05/turn    (no ring)
MPRegen 0.12/turn

%: guardian spirit
@: no status effects
A: fangs 2, regeneration 1, magic shield, antimagic bite, no potion heal 2,
camouflage 1, frail 1, weak 1, wild magic 1, devolution 1
a: no special abilities


You were on level 2 of the Dungeon.
You visited 1 branch of the dungeon, and saw 4 of its levels.
You also visited: Sewer.

You collected 102 gold pieces.


Innate Abilities, Weirdness & Mutations

You have extremely sharp teeth.
Your natural rate of healing is unusually fast.
When hurt, damage is shared between your health and your magic reserves.
Your bite disrupts and absorbs the magic of your enemies.
Potions cannot restore your health.
Your skin changes colour to match your surroundings (Stealth+).
You are frail. (-10% HP)
You are weak. (Str -2)
Your spells are a little harder to cast, but a little more powerful.
You have hidden genetic defects.


   Skills:
 + Level 3.1 Fighting
 - Level 1.0 Axes
 * Level 4.1 Ranged Weapons
 + Level 2.2 Throwing
 - Level 1.0 Armour
 + Level 5.2 Stealth
 + Level 2.2 Spellcasting
 + Level 1.1 Conjurations
 + Level 1.2 Ice Magic
 + Level 1.0 Air Magic
 + Level 1.0 Poison Magic
 - Level 1.0 Evocations


You had 2 spell levels left.
You knew the following spells:

 Your Spells              Type           Power      Damage    Failure   Level
f - Freezing Cloud        Conj/Ice/Air   2%         6-21      100%        5
m - Mephitic Cloud        Conj/Pois/Air  5%         N/A       63%         3

Your spell library contained the following spells:

 Spells                   Type           Power      Damage    Failure   Level
 Poisonous Vapours        Pois/Air       10%        N/A       41%         2
 Beastly Appendage        Tmut           2%         N/A       43%         1
 Necrotise                Necr           4%         1d4       43%         1
 Ensorcelled Hibernation  Hex/Ice        6%         N/A       45%         2
 Wereblood                Tmut           1%         N/A       54%         2
 Spider Form              Tmut/Pois      3%         N/A       71%         3
 Vampiric Draining        Necr           1%         2d6       78%         3
 Anguish                  Hex/Necr       0%         N/A       99%         4
 Agony                    Necr           1%         N/A       100%        5

Inventory:

Hand Weapons
 a - a +2 sling (weapon)
 b - a +0 hand axe
 m - a +0 sling of flaming
Missiles
 f - 21 poisoned darts
 r - a curare-tipped dart {=f}
Armour
 c - a +0 helmet (worn)
 e - a +0 leather armour (worn)
 o - a +0 pair of boots (worn)
 p - a +0 cloak (worn)
Scrolls
 d - a scroll of summoning
 g - 2 scrolls of magic mapping {unknown}
 h - 3 scrolls of identify {unknown}
 i - a scroll of brand weapon {unknown}
 j - a scroll of poison {unknown}
 n - a scroll of fog {unknown}
 q - 2 scrolls of fear {unknown}
 s - a scroll of enchant armour {unknown}
Potions
 k - a potion of lignification {unknown}
 l - a potion of attraction {unknown}
 t - a potion of degeneration {unknown}
 u - 2 potions of curing {unknown}
 v - a potion of cancellation {unknown}

Dungeon Overview and Level Annotations

Branches:
Dungeon (4/15)              Sewer (visited)
 Temple: D:4-7

Altars:
Ashenzari
Makhleb

####+###..#.#.#....#
#............†..
####.....#.##.#
#######..####....#
.................#
.........####.##.#
########## #.##g#
#.##g# #.##@# #....#
#.## ###### .... .#.
..# ## .. .# . #.#.#
...#...#


You could see 2 gnolls.


Message History

The sling bullet hits the gnoll.
The gnoll is lightly wounded.
The gnoll hits you with a +3 flail!
* * * LOW HITPOINT WARNING * * *
Unknown command.
You shoot a sling bullet.
The sling bullet barely misses the gnoll.
The sling bullet hits the gnoll!
The gnoll is severely wounded.
The gnoll closely misses you.
Unknown command.
You shoot a sling bullet.
The sling bullet hits the gnoll but does no damage.
The gnoll is heavily wounded.
The gnoll hits you with a +3 flail.
* * * LOW HITPOINT WARNING * * *
Unknown command.
You shoot a sling bullet. The sling bullet hits the gnoll.
The gnoll is almost dead.
The gnoll hits you with a +3 flail!
* * * LOW HITPOINT WARNING * * *
Unknown command.
You aren't carrying any items that you can evoke.
Unknown command.
Okay, then.
You shoot a sling bullet. The sling bullet hits the gnoll.
You kill the gnoll!
The gnoll hits you but does no damage.
The gnoll hits you from afar with a +0 spear.
You die...

Skill      XL: |  1  2  3  4  5  6  7 |
---------------+----------------------+-----
Ranged Weapons | 2 3 4 |  4.1
Fighting       | 2 3 |  3.1
Stealth        | 4 5 |  5.2
Throwing       | 1 2 |  2.2
Spellcasting   | 1 2 |  2.2
Ice Magic      | 1 |  1.2
Conjurations   | 1 |  1.1
Air Magic      | 1 |  1.0
Poison Magic   | 1 |  1.0
Axes           | |  1.0
Armour         | |  1.0
Evocations     | |  1.0

Action                     |  1- 3 |  4- 6 |  7- 9 || total
---------------------------+-------+-------+-------++-------
   Fire: Sling             |    68 |   186 |   116 ||   370
  Throw: Dart              |       |     3 |       ||     3
    Use: Potion            |     1 |       |     2 ||     3
 Armour: Leather armour    |     5 |    80 |    16 ||   101
  Dodge: Dodged            |    16 |    78 |    41 ||   135

Levels and vault maps discovered:
D:1:      minmay_arrival_checkered_box, layout_basic,
          nicolae_ecumenical_snake_handling
D:2:      layout_basic, basic_altar
D:3:      layout_rooms, gup_sewer_entry_glass
D:4:      layout_gridville, lemuel_doored_altar, mainiacjoe_overflow_big_doors,
          corexii_hall_statues_s, kennysheep_generic_room_5

Notes
Turn   | Place    | Note
-------+----------+-------------------------------------------
     0 | D:1      | Jeffwins the Vine Stalker Wanderer began the quest for the
                  | Orb.
     0 | D:1      | Jeffwins set off with the following items: a +2 sling, a +0
                  | hand axe, a +0 helmet, a scroll of summoning, a +0 leather
                  | armour.
     0 | D:1      | Reached XP level 1. HP: 11/11 MP: 2/2
    39 | D:1      | Reached skill level 2 in Ranged Weapons
    46 | D:1      | Reached XP level 2. HP: 15/15 MP: 3/3
   102 | D:1      | Reached skill level 2 in Fighting
   405 | D:1      | Found a faded altar of an unknown god.
   409 | D:1      | Reached XP level 3. HP: 18/18 MP: 2/4
   414 | D:1      | Reached skill level 4 in Stealth
   679 | D:2      | You fall into a shaft and drop 2 floors!
   703 | D:4      | Gained mutation: You are clumsy. (Dex -2) [potion of
                  | mutation]
   703 | D:4      | Gained mutation: You sometimes lose your temper in combat.
                  | [potion of mutation]
   703 | D:4      | Gained mutation: You are frail. (-10% HP) [potion of
                  | mutation]
   706 | D:4      | HP: 1/16 [hound (2)]
   708 | D:4      | Reached skill level 1 in Throwing
   708 | D:4      | Gained mutation: Your natural rate of healing is unusually
                  | fast. [Vine Stalker growth]
   708 | D:4      | Reached XP level 4. HP: 2/20 MP: 0/6
   780 | D:4      | Noticed a scorpion
   787 | D:4      | Killed a scorpion
   788 | D:4      | Reached skill level 3 in Ranged Weapons
   788 | D:4      | Reached skill level 1 in Spellcasting
   788 | D:4      | Reached XP level 5. HP: 12/24 MP: 5/7
   928 | D:4      | Found a broken altar of Ashenzari.
   984 | D:4      | Found a burning altar of Makhleb.
  1007 | D:3      | Noticed an ogre
  1016 | D:3      | Killed an ogre
  1065 | D:3      | Reached XP level 6. HP: 28/28 MP: 9/9
  1090 | D:3      | Learned a level 5 spell: Freezing Cloud
  1094 | D:3      | Learned a level 3 spell: Mephitic Cloud
  1246 | D:3      | Found a glowing drain.
  1279 | D:3      | Reached skill level 5 in Stealth
  1282 | D:3      | Reached skill level 2 in Throwing
  1294 | Sewer    | Entered a sewer
  1334 | Sewer    | Reached skill level 3 in Fighting
  1375 | Sewer    | Reached skill level 2 in Spellcasting
  1396 | Sewer    | Reached skill level 4 in Ranged Weapons
  1396 | Sewer    | Reached XP level 7. HP: 19/32 MP: 2/11
  1576 | Sewer    | Reached skill level 1 in Ice Magic
  1657 | Sewer    | Reached skill level 1 in Conjurations
  1657 | Sewer    | Reached skill level 1 in Air Magic
  1657 | Sewer    | Reached skill level 1 in Poison Magic
  2331 | D:2      | Lost mutation: You sometimes lose your temper in combat.
                  | [potion of mutation]
  2331 | D:2      | Lost mutation: You are clumsy. (Dex -2) [potion of
                  | mutation]
  2331 | D:2      | Gained mutation: You have hidden genetic defects. [potion
                  | of mutation]
  2331 | D:2      | Gained mutation: Your muscles are strong. (Str +4, Int/Dex
                  | -1) [potion of mutation]
  2331 | D:2      | Gained mutation: Armour fits poorly on your strangely
                  | shaped body. [potion of mutation]
  2332 | D:2      | Lost mutation: Armour fits poorly on your strangely shaped
                  | body. [potion of mutation]
  2332 | D:2      | Lost mutation: Your muscles are strong. (Str +4, Int/Dex
                  | -1) [potion of mutation]
  2332 | D:2      | Gained mutation: Your skin changes colour to match your
                  | surroundings (Stealth+). [potion of mutation]
  2332 | D:2      | Gained mutation: You are weak. (Str -2) [potion of
                  | mutation]
  2332 | D:2      | Gained mutation: Your spells are a little harder to cast,
                  | but a little more powerful. [potion of mutation]
  2379 | D:2      | HP: 1/32 [gnoll/+3 flail (7)]
  2380 | D:2      | Slain by a gnoll

Vanquished Creatures
  An ogre (D:3)
  2 kobold brigands (Sewer)
  A scorpion (D:4)
  A hound (D:4)
  3 orc wizards (D:3)
  A gnoll (D:2)
  10 adders
  A river rat (Sewer)
  2 dart slugs
  6 orcs (D:3)
  10 ball pythons
  2 endoplasms
  3 giant cockroaches
  6 hobgoblins
  5 jackals
  7 kobolds
  4 quokkas
  5 bats
  5 frilled lizards
  2 goblins
  8 rats
85 creatures vanquished.

Table legend: (Time is in decaauts)
 A = Elapsed time spent in this place.
 B = Non-inter-level travel time spent in this place.
 C = Inter-level travel time spent in this place.
 D = Time resting spent in this place.
 E = Time spent auto-exploring this place.
 F = Levels seen in this place.
 G = Mean time per level.
                   A        B        C        D        E       F      G
               +--------+--------+--------+--------+--------+-----+--------+
         Total |   2621 |   2568 |     53 |      0 |   1684 |   5 |  524.2 |
       Dungeon |   1514 |   1461 |     53 |      0 |    972 |   4 |  378.5 |
         Sewer |   1107 |   1107 |      0 |      0 |    712 |   1 | 1107.0 |
               +--------+--------+--------+--------+--------+-----+--------+

Top non-repeatable levels by time:
   Sewer: 1107 daAuts
     D:1: 696 daAuts
     D:3: 386 daAuts
     D:4: 335 daAuts
     D:2: 96 daAuts

Table legend:
 A = Non-vault XP
 B = Vault XP
 C = Vault XP percentage of total XP
 D = Non-vault monster count
 E = Vault monster count
 F = Vault count percentage of total count
                 A         B        C        D         E       F
            +---------+---------+-------+---------+---------+-------
      Total |     485 |     343 |  41.4 |      54 |      31 |  36.5
            +---------+---------+-------+---------+---------+-------
        D:1 |      33 |       7 |  17.5 |      20 |       4 |  16.7
        D:2 |      25 |       0 |   0.0 |       7 |       0 |   0.0
        D:3 |     278 |      42 |  13.1 |      21 |       4 |  16.0
        D:4 |     149 |       0 |   0.0 |       6 |       0 |   0.0
      Sewer |       0 |     294 | 100.0 |       0 |      23 | 100.0
            +---------+---------+-------+---------+---------+-------
